 Seeded DCSS version 0.29-a0-338-g1ff7896 (webtiles) character file.

Game seed: 5893698623858977667 (custom seed)

130 Rygaar the Grave Robber (level 5, -2/41 HPs)
             Began as a Hill Orc Necromancer on Apr 18, 2022.
             Succumbed to an adder's poison
             ... on level 3 of the Dungeon.
             The game lasted 00:16:15 (2116 turns).

Rygaar the Grave Robber (Hill Orc Necromancer)      Turns: 2116, Time: 00:16:15

Health: -2/41      AC:  3    Str: 19    XL:     5   Next: 13%
Magic:  6/6        EV: 12    Int: 15    God:
Gold:   68         SH:  0    Dex: 11    Spells: 6/7 levels left

rFire   . . .      SeeInvis .   h - +1 long sword
rCold   . . .      Faith    .   (no shield)
rNeg    . . .      Spirit   .   g - +0 leather armour
rPois   .          Reflect  .   (helmet restricted)
rElec   .          Harm     .   (no cloak)
rCorr   .          Rampage  .   (no gloves)
Will    .....                   (no boots)
Stlth   ++........              (no amulet)
HPRegen 0.13/turn               i - +6 ring of strength
MPRegen 0.10/turn               (no ring)

@: lethally poisoned (-2 -> -14)
A: horns 1, deterioration 1, low MP 1
a: no special abilities


You were on level 3 of the Dungeon.
You visited 1 branch of the dungeon, and saw 3 of its levels.

You collected 68 gold pieces.

Inventory:

Hand Weapons
 f - a +2 dagger of speed
 h - a +1 long sword (weapon)
Armour
 g - a +0 leather armour (worn)
 l - a +1 helmet
Jewellery
 i - a +6 ring of strength (left hand)
Scrolls
 j - 2 scrolls of identify
Potions
 b - a potion of magic


   Skills:
 + Level 2.0 Fighting
 + Level 2.1 Long Blades
 + Level 0.4(0.7) Axes
 + Level 0.5(0.6) Maces & Flails
 + Level 1.5 Armour
 + Level 2.2 Dodging
 + Level 2.0 Stealth
 + Level 1.5 Spellcasting
 + Level 4.3 Necromancy


You had 6 spell levels left.
You knew the following spells:

 Your Spells              Type           Power      Damage    Failure   Level
a - Pain                  Necr           56%        1d6       4%          1

Your spell library contained the following spells:

 Spells                   Type           Power      Damage    Failure   Level
 Animate Skeleton         Necr           28%        N/A       4%          1
 Vampiric Draining        Necr           14%        2d7       14%         3
 Sandblast                Erth           2%         2d4       28%         1
 Passwall                 Tmut/Erth      0%         N/A       38%         2
 Animate Dead             Necr           7%         N/A       43%         4
 Gell's Gravitas          Tloc           1%         N/A       63%         3
 Lesser Beckoning         Tloc           1%         N/A       63%         3
 Stone Arrow              Conj/Erth      2%         3d7       63%         3
 Teleport Other           Tloc           1%         N/A       63%         3
 Agony                    Necr           14%        N/A       78%         5


Dungeon Overview and Level Annotations

Branches:
Dungeon (3/15)

Altars:
Trog


Innate Abilities, Weirdness & Mutations

You have a pair of small horns on your head.
Your body sometimes deteriorates upon taking damage.
Your magical capacity is low. (-10% MP)


Message History

You barely miss the adder.
You feel sick. The adder barely misses you. The adder bites you.
You completely miss the adder.
You feel sick.
You are no longer poisoned.
The adder bites you but does no damage. x2
You closely miss the adder. The adder closely misses you. The adder misses you.
You closely miss the adder. The adder barely misses you.
You closely miss the adder. The adder barely misses you. The adder misses you.
The orc shouts!
You hit the adder but do no damage. The adder bites you.
You are poisoned.
The adder poisons you! The adder bites you.
You are more poisoned.
The adder poisons you!
You miss the adder.
You feel very sick. The adder bites you but does no damage.
You closely miss the adder.
You feel sick. The adder closely misses you.
A frilled lizard comes into view.
The adder bites you.
* * * LOW HITPOINT WARNING * * *
You are lethally poisoned!
The adder poisons you!
You miss the adder.
* * * LOW HITPOINT WARNING * * *
You feel very sick.
The frilled lizard hisses angrily.
The adder bites you but does no damage. The adder bites you.
* * * LOW HITPOINT WARNING * * *
You are more poisoned.
The adder poisons you!
It was a potion of mutation.
You feel extremely strange.
You feel yourself wasting away.
You feel less energetic. A pair of horns grows on your head!
Your +1 helmet falls away!
* * * LOW HITPOINT WARNING * * *
You feel very sick. The adder closely misses you.
You closely miss the adder.
You die...

......###...#####
..###.###........
.###...##....####
..##._.......####
.......#......... .
......###..###### ##..
###...###..# .....
#..........#######......
#.##............@So..l.#
#. ##.#..#########.....#
# #....# ....# # ###..#
...# #..# ### ###


You could see an adder, an orc and a frilled lizard.

Vanquished Creatures
  An orc priest (D:3)
  Robin (D:3)
  3 adders (D:2)
  A worm (D:2)
  3 dart slugs
  4 orcs (D:3)
  5 ball pythons
  6 bats
  An endoplasm (D:2)
  2 giant cockroaches
  11 goblins
  7 hobgoblins
  A quokka (D:1)
  A frilled lizard (D:1)
  2 rats (D:1)
49 creatures vanquished.

Notes
Turn   | Place    | Note
-------+----------+-------------------------------------------
     0 | D:1      | Rygaar the Hill Orc Necromancer began the quest for the
                  | Orb.
     0 | D:1      | Reached XP level 1. HP: 14/14 MP: 3/3
   250 | D:1      | Reached XP level 2. HP: 17/20 MP: 4/4
   570 | D:2      | Reached XP level 3. HP: 25/27 MP: 5/5
   662 | D:2      | Reached skill level 1 in Fighting
  1300 | D:2      | Reached skill level 1 in Long Blades
  1300 | D:2      | Reached XP level 4. HP: 18/35 MP: 6/6
  1649 | D:3      | Reached skill level 1 in Armour
  1929 | D:3      | Noticed Robin
  2015 | D:3      | Found a bloodstained altar of Trog.
  2026 | D:3      | Reached XP level 5. HP: 32/41 MP: 7/7
  2043 | D:3      | Killed Robin
  2115 | D:3      | Gained mutation: Your body sometimes deteriorates upon
                  | taking damage. [potion of mutation]
  2115 | D:3      | Gained mutation: Your magical capacity is low. (-10% MP)
                  | [potion of mutation]
  2115 | D:3      | Gained mutation: You have a pair of small horns on your
                  | head. [potion of mutation]
  2115 | D:3      | HP: 2/41 [poisoned by an adder]
  2116 | D:3      | Succumbed to an adder's poison

Illustrated notes

Levels and vault maps discovered:
D:1:      lightli_iron_boxes, layout_rooms, kennysheep_another_room,
          grunt_decor_junction
D:2:      layout_loops_ring, hellmonk_ecumenical_altar_watching_god,
          minmay_pentomino_pile
D:3:      layout_basic, trog_three_pillars_becter, grunt_gozag_statues,
          roderic_batcave, uniq_robin, uniq_crazy_yiuf_cottage, uniq_ijyb

Skill      XL: |  1  2  3  4 |
---------------+-------------+-----
Stealth        | 2 |  2.0
Fighting       | 1 2 |  2.0
Long Blades    | 1 2 |  2.1
Dodging        | 2 |  2.2
Armour         | 1 |  1.5
Axes           | |  0.4
Maces & Flails | |  0.5
Spellcasting   | |  1.5
Necromancy     | |  4.3

Action                   |  1- 3 |  4- 6 || total
-------------------------+-------+-------++-------
Melee: Hand axe          |     7 |       ||     7
       Flail             |     6 |       ||     6
       Long sword        |    88 |    73 ||   161
  Use: Scroll            |     4 |     1 ||     5
       Potion            |       |     1 ||     1
 Stab: Sleeping          |     3 |       ||     3
Armor: Robe              |     1 |       ||     1
       Leather armour    |    51 |    23 ||    74
Dodge: Dodged            |    99 |    50 ||   149

Table legend: (Time is in decaauts)
 A = Elapsed time spent in this place.
 B = Non-inter-level travel time spent in this place.
 C = Inter-level travel time spent in this place.
 D = Time resting spent in this place.
 E = Time spent auto-exploring this place.
 F = Levels seen in this place.
 G = Mean time per level.
                   A        B        C        D        E       F      G
               +--------+--------+--------+--------+--------+-----+--------+
         Total |   2175 |   2158 |     17 |    835 |      0 |   3 |  725.0 |
       Dungeon |   2175 |   2158 |     17 |    835 |      0 |   3 |  725.0 |
               +--------+--------+--------+--------+--------+-----+--------+

Top non-repeatable levels by time:
     D:2: 1249 daAuts
     D:3: 516 daAuts
     D:1: 409 daAuts
